 Dungeon Crawl Stone Soup version 0.28.0-47-ge53b351184 (webtiles) character file.

Game seed: 7028927729799236628

414 joe1234567 the Grave Robber (level 6, 0/64 HPs)
             Began as a Vampire Necromancer on May 6, 2022.
             Was a Believer of Dithmenos.
             Slain by mitchisshort's ghost (5 damage)
             ... on level 4 of the Dungeon.
             The game lasted 00:32:12 (4199 turns).

joe1234567 the Grave Robber (Vampire Necromancer)   Turns: 4199, Time: 00:32:13

Health: 0/64       AC: 23    Str:  9    XL:     6   Next: 60%
Magic:  0/11       EV:  2    Int: 18    God:    Dithmenos [**....]
Gold:   129        SH:  0    Dex:  9    Spells: 11/12 levels left

rFire   + . .      SeeInvis +   k - +6 demon blade of Spores {vamp, rPois rF+ rC+ Dex-5}
rCold   + . .      Faith    .   (no shield)
rNeg    . . .      Spirit   +   (armour currently unavailable)
rPois   +          Reflect  .   (helmet currently unavailable)
rElec   .          Harm     .   (cloak currently unavailable)
rCorr   .          Rampage  .   (gloves currently unavailable)
Will    .....      NoTele   +   (boots currently unavailable)
Stlth   +++.......              j - amulet of guardian spirit
HPRegen 0.40/turn               (no ring)
MPRegen 0.12/turn               (no ring)

@: tree-form, weak-willed, healing quickly, wreathed by umbra
A: stationary, stasis, torment immunity, boosted hp, alive, (fangs 3), see
invisible, vampiric 2, (claws 1), subdued magic 2
a: Exsanguinate, Renounce Religion, Shadow Step


You were on level 4 of the Dungeon.
You worshipped Dithmenos.
Dithmenos was pleased with you.
You were a tree.
You visited 1 branch of the dungeon, and saw 4 of its levels.

You collected 129 gold pieces.

Inventory:

Hand Weapons
 k - the +6 demon blade of Spores (weapon) {vamp, rPois rF+ rC+ Dex-5}
   (You acquired it on level 3 of the Dungeon)

   It occasionally heals its wielder for a portion of the damage dealt when it
   wounds a living foe.
   Dex:       It affects your dexterity (-5).
   rF:        It protects you from fire.
   rC:        It protects you from cold.
   rPois:     It protects you from poison.
Armour
 b - the +2 pair of gloves of Card Tricks (melded) {rC+}
   (You found it on level 3 of the Dungeon)

   rC:        It protects you from cold.
 e - a +0 scale mail
 i - a +0 cloak (melded)
 m - a +0 chain mail (melded)
Jewellery
 j - an amulet of guardian spirit (around neck)
Potions
 a - 2 potions of mutation
 g - 2 potions of heal wounds {unknown}
 h - a potion of brilliance {unknown}
 p - a potion of might {unknown}


   Skills:
 + Level 1.1 Fighting
 + Level 0.3(1.3) Short Blades
 + Level 2.0 Long Blades
 + Level 1.5 Armour
 + Level 2.7 Dodging
 + Level 3.4 Stealth
 + Level 3.8 Spellcasting
 + Level 6.2 Necromancy


You had 11 spell levels left.
You knew the following spells:

 Your Spells              Type           Power      Damage    Failure   Level
a - Pain                  Necr           64%        1d7       1%          1

Your spell library contained the following spells:

 Spells                   Type           Power      Damage    Failure   Level
 Animate Skeleton         Necr           32%        N/A       1%          1
 Vampiric Draining        Necr           16%        2d7       1%          3
 Animate Dead             Necr           8%         N/A       8%          4
 Foxfire                  Conj/Fire      8%         2x1d4     11%         1
 Agony                    Necr           16%        N/A       24%         5


Dungeon Overview and Level Annotations

Branches:
Dungeon (4/15)
 Temple: D:4-7

Altars:
Dithmenos
Yredelemnul

Shops:
D:1 *   D:2 (

Annotations:
D:4 issech's ghost, amateur TrFi; mitchisshort's ghost, novice FoFi; pkoi's ghost, amateur DgGl


Innate Abilities, Weirdness & Mutations

You are a tree.
Your roots penetrate the ground, keeping you stationary.
You cannot be teleported.
You are immune to unholy pain and torment.
Your maximum health is greatly increased.
Your equipment is partially melded.
Your natural rate of healing is accelerated.
((You have razor-sharp teeth.))
You have supernaturally acute eyesight. (SInv)
You are afflicted with vampirism and can become a bat while bloodless.
((You have sharp fingernails.))
Your spells are easier to cast, but less powerful.


Message History

Blink to where?
Press: ? - help, Dir - move target Blink to where?
Press: ? - help, Dir - move target
As you read the scroll labelled WAPEUS XAOFACH, it crumbles to dust.
It was a scroll of blinking.
As you read the scroll labelled MULOALLU LIS TAF, it crumbles to dust.
You assume a fearsome visage.
Mitchisshort's ghost is unaffected.
It was a scroll of fear.
Mitchisshort's ghost wails.
As you read the scroll labelled OTYMUR YDUBB, it crumbles to dust.
It is a scroll of amnesia.
Okay, then.
As you read the scroll labelled JIUHAYTTEXYA, it crumbles to dust.
Magic quickly surges around you.
It was a scroll of vulnerability.
Mitchisshort's ghost hits you but does no damage.
Mitchisshort's ghost hits you!
You barely miss mitchisshort's ghost. Mitchisshort's ghost hits you.
You hit mitchisshort's ghost. Your bite misses mitchisshort's ghost.
Mitchisshort's ghost is lightly damaged.
It was a potion of mutation.
You feel extremely strange.
Your connection to magic feels subdued.
Your connection to magic feels more subdued.
Your fingernails lengthen.
Mitchisshort's ghost hits you but does no damage.
Issech's ghost hits you!
* * * LOW HITPOINT WARNING * * *
x2 It was a potion of lignification.
You turn into a tree.
Your +0 cloak melds into your body.
The +2 pair of gloves of Card Tricks {rC+} melds into your body.
Your +0 chain mail melds into your body.
Your roots penetrate the ground.
Mitchisshort's ghost hits you.
* * * LOW HITPOINT WARNING * * *
You cannot move.
You slash issech's ghost!
Issech's ghost is lightly damaged.
Mitchisshort's ghost hits you but does no damage.
Issech's ghost hits you but does no damage.
Mitchisshort's ghost hits you.
You die...

....# #.# #...##.###.##.#.#####.#
....###.####........###.#.#.....#
..........##........###.#.#.#####
..........##............#.#.#
..........##........#####...#
.............>...#### ###.#
..#####.##.......# #.# ..#
#.##......W##### #.# ..#
#.##......♣W...# #.# ###
#.##......W###.# #.#
#######.####..##.# #.# #.#
...............#.# #W# #.#
#######......#######.######.#
#.....##$)8.(##W.W..###
#....##8.....8#####.#
#....#........(# #.#
#....#.........# #.#


You could see issech's ghost (weak-willed), mitchisshort's ghost (weak-willed)
and pkoi's ghost.

Vanquished Creatures
  A black bear (D:4)
  A scorpion (D:4)
  A hound (D:4)
  2 orc priests (D:3)
  Terence (D:3)
  3 gnolls (D:2)
  4 adders
  A worm (D:2)
  2 dart slugs
  9 orcs
  7 ball pythons
  3 endoplasms
  4 giant cockroaches
  6 goblins
  6 hobgoblins
  5 jackals
  4 quokkas
  7 bats
  A frilled lizard (D:2)
  4 kobolds
  5 rats
  A spectral orc (D:3)
78 creatures vanquished.

Vanquished Creatures (collateral kills)
  A jackal (D:2)
1 creature vanquished.

Vanquished Creatures (others)
  A plant (D:1)
  4 withered plants (D:4)
5 creatures vanquished.

Grand Total: 84 creatures vanquished

Notes
Turn   | Place    | Note
-------+----------+-------------------------------------------
     0 | D:1      | joe1234567 the Vampire Necromancer began the quest for the
                  | Orb.
     0 | D:1      | Reached XP level 1. HP: 13/13 MP: 3/3
   107 | D:1      | Found a faded altar of an unknown god.
   119 | D:1      | Got Plato's Tome of Flamy Attacks
   124 | D:1      | Prayed at the altar of an unknown god.
   124 | D:1      | Became a worshipper of Dithmenos the Shadowed
   124 | D:1      | Reached * piety under Dithmenos
   348 | D:1      | Reached XP level 2. HP: 19/19 MP: 5/5
   382 | D:1      | Found Hoapoak's Assorted Antiques.
   865 | D:2      | Reached skill level 5 in Necromancy
   873 | D:2      | Identified a scroll of acquirement
   873 | D:2      | Acquired a +2 triple crossbow of freezing
   927 | D:2      | Gained mutation: You are afflicted with vampirism and can
                  | become a bat while bloodless. [Vampire growth]
   927 | D:2      | Reached XP level 3. HP: 16/24 MP: 2/6
  1174 | D:2      | Reached ** piety under Dithmenos
  1175 | D:2      | Reached XP level 4. HP: 15/30 MP: 0/7
  1258 | D:2      | Found Anki Vyoc's Weapon Boutique.
  2120 | D:3      | Reached skill level 1 in Armour
  2187 | D:3      | Noticed Terence
  2192 | D:3      | Killed Terence
  2407 | D:3      | Reached XP level 5. HP: 34/35 MP: 2/9
  2481 | D:3      | Acquired the +6 demon blade of Spores {vamp, rPois rF+ rC+
                  | Dex-5}
  2738 | D:3      | Found a basalt altar of Yredelemnul.
  2812 | D:3      | Identified the +2 pair of gloves of Card Tricks {rC+}
  3345 | D:4      | Reached skill level 6 in Necromancy
  3348 | D:4      | Reached XP level 6. HP: 31/42 MP: 1/11
  3569 | D:4      | Found a runed translucent gate.
  3569 | D:4      | Found a runed translucent gate.
  3569 | D:4      | Found a runed translucent gate.
  3570 | D:4      | Noticed pkoi's ghost (amateur DgGl)
  3571 | D:4      | Noticed issech's ghost (amateur TrFi)
  3571 | D:4      | Noticed mitchisshort's ghost (novice FoFi)
  3704 | D:4      | Reached skill level 1 in Long Blades
  3787 | D:4      | Reached skill level 1 in Fighting
  4197 | D:4      | Gained mutation: Your spells are a little easier to cast,
                  | but a little less powerful. [potion of mutation]
  4197 | D:4      | Gained mutation: Your spells are easier to cast, but less
                  | powerful. [potion of mutation]
  4197 | D:4      | Gained mutation: You have sharp fingernails. [potion of
                  | mutation]
  4199 | D:4      | Slain by mitchisshort's ghost

Illustrated notes

Levels and vault maps discovered:
D:1:      kennysheep_arrival_forest, layout_rooms,
          shapermc_ecumenical_altar_rom_forum, serial_shops,
          nicolae_shop_waterfront, ebering_dispersal_statue_hall
D:2:      layout_basic, serial_shops, shop
D:3:      minmay_octagon_keep, layout_loops_ring,
          yredelemnul_forgotten_temple_becter, uniq_terence
D:4:      layout_basic, gammafunk_ghost_cemetery, lemuel_another_geyser

Skill      XL: |  1  2  3  4  5  6 |
---------------+-------------------+-----
Necromancy     | 5 6 |  6.2
Armour         | 1 |  1.5
Spellcasting   | 3 |  3.8
Long Blades    | 2 |  2.0
Fighting       | 1 |  1.1
Short Blades   | |  0.3
Dodging        | |  2.7
Stealth        | |  3.4

Action                   |  1- 3 |  4- 6 || total
-------------------------+-------+-------++-------
Melee: Club              |     7 |       ||     7
       Short sword       |    28 |    28 ||    56
       Bite              |     4 |    10 ||    14
       Punch             |     1 |     1 ||     2
       Triple crossbow   |     3 |     9 ||    12
       Demon blade       |       |    70 ||    70
 Cast: Pain              |    39 |    53 ||    92
  Use: Scroll            |     2 |     9 ||    11
       Potion            |       |     2 ||     2
 Stab: Sleeping          |     3 |       ||     3
Armor: Leather armour    |    17 |       ||    17
       Ring mail         |    13 |    13 ||    26
       Scale mail        |       |    22 ||    22
       Chain mail        |       |    47 ||    47
       Skin              |       |     2 ||     2
Dodge: Dodged            |    60 |    66 ||   126
